 Dungeon Crawl Stone Soup version 0.30-a0-652-gcc886f7154 (webtiles) character file.

Game seed: 8554980685715713380

100 voltaire321 the Slasher (level 4, -2/34 HPs)
             Began as a Demonspawn Gladiator on Jan 17, 2023.
             Constricted to death by Ijyb (4 damage)
             ... on level 4 of the Dungeon.
             The game lasted 00:05:31 (2100 turns).

voltaire321 the Slasher (Demonspawn Gladiator)      Turns: 2100, Time: 00:05:31

Health: -2/34      AC: 10    Str: 16    XL:     4   Next: 47%
Magic:  4/4        EV:  9    Int:  9    God:
Gold:   107        SH:  0    Dex: 15    Spells: 3/3 levels left

rFire   . . .      SeeInvis .    a - +0 long sword
rCold   . . .      Faith    .    (no shield)
rNeg    . . .      Spirit   .    b - +0 leather armour
rPois   .          Reflect  .    c - +0 helmet
rElec   .          Harm     .    (no cloak)
rCorr   .          Rampage  .    (no gloves)
Will    .....                    (no boots)
Stlth   +                        (no amulet)
HPRegen 0.25/turn                (no ring)
MPRegen 0.09/turn                (no ring)

@: grasped by roots, sanguine armoured, constricted
A: foul stench 1, sanguine armour 1
a: no special abilities


You were on level 4 of the Dungeon.
You visited 1 branch of the dungeon, and saw 4 of its levels.

You collected 107 gold pieces.

Inventory:

Hand Weapons
 a - a +0 long sword (weapon)
Missiles
 d - 3 throwing nets
 e - a javelin
 p - 5 poisoned darts (quivered)
Armour
 b - a +0 leather armour (worn)
 c - a +0 helmet (worn)
Jewellery
 i - a ring of see invisible
 r - an amulet of magic regeneration
Scrolls
 h - a scroll of magic mapping {unknown}
 j - 4 scrolls of identify {unknown}
 l - 2 scrolls of teleportation {unknown}
 n - a scroll of amnesia {unknown}
 q - 4 scrolls of poison {unknown}
 t - a scroll of vulnerability {unknown}
Potions
 f - 2 potions of curing {unknown}
 g - 3 potions of degeneration {unknown}
 k - a potion of attraction {unknown}
 m - a potion of magic {unknown}
 o - a potion of heal wounds {unknown}
 s - a potion of haste {unknown}
 u - a potion of mutation {unknown}


   Skills:
 + Level 2.8 Fighting
 * Level 3.4 Long Blades
 + Level 1.8 Throwing
 + Level 1.5 Armour
 + Level 3.3 Dodging


You had 3 spell levels left.
You didn't know any spells.
Your spell library contained the following spells:

 Spells                   Type           Power      Damage    Failure   Level
 Cigotuvi's Dreadful Rot  Necr/Pois/Air  0%         N/A       58%         2
 Dispel Undead            Necr           0%         3d6       99%         4
 Death Channel            Necr           0%         N/A       100%        6


Dungeon Overview and Level Annotations

Branches:
Dungeon (4/15)
 Temple: D:4-7

Altars:
Qazlal

Annotations:
D:4 Ijyb


Innate Abilities, Weirdness & Mutations

You may rarely emit foul miasma when damaged in melee.
When seriously injured, your blood forms armour. (AC +6)


Message History

Ijyb hits you with a +0 club. The grasping roots constrict you.
Ijyb closely misses you. The grasping roots constrict you.
Your blood congeals into armour.
You slash Ijyb!
Ijyb is moderately wounded.
Ijyb barely misses you. The grasping roots constrict you.
You hit Ijyb but do no damage.
Ijyb is moderately wounded.
Ijyb hits you but does no damage. The grasping roots constrict you.
The grasping roots release their grip on you.
You hit Ijyb but do no damage.
Ijyb is moderately wounded.
Ijyb zaps a wand.
The roots erupt in riotous growth!
The grasping roots grab you!
Ijyb is unaffected.
The grasping roots constrict you.
You closely miss Ijyb.
Ijyb is moderately wounded.
Ijyb misses you. The grasping roots constrict you.
* * * LOW HITPOINT WARNING * * *
Ijyb hits you with a +0 club.
* * * LOW HITPOINT WARNING * * *
The grasping roots constrict you.
* * * LOW HITPOINT WARNING * * *
The grasping roots release their grip on you.
You closely miss Ijyb.
Ijyb is moderately wounded.
Ijyb hits you with a +0 club.
* * * LOW HITPOINT WARNING * * *
You hit Ijyb.
Ijyb is heavily wounded.
Ijyb misses you.
You hit Ijyb.
Ijyb is severely wounded.
Ijyb closely misses you.
You hit Ijyb.
Ijyb is almost dead.
Ijyb zaps a wand.
The roots erupt in riotous growth!
The grasping roots grab you!
Ijyb is unaffected.
The grasping roots constrict you.
You die...

###...###
.(.....
......
..... #.$.
#.. #g# #@#
#.# #.#
###.##.###
.........<#
##.####.#.#
#.#.# #.#.#
#.#.#


You could see Ijyb.

Vanquished Creatures
  5 gnolls
  A dart slug (D:2)
  3 ball pythons
  3 bats
  5 endoplasms
  4 giant cockroaches
  4 goblins
  3 hobgoblins (D:1)
  3 jackals (D:1)
  3 quokkas
  2 frilled lizards
  6 kobolds
  4 rats
46 creatures vanquished.

Notes
Turn   | Place    | Note
-------+----------+-------------------------------------------
     0 | D:1      | voltaire321 the Demonspawn Gladiator began the quest for
                  | the Orb.
     0 | D:1      | Reached XP level 1. HP: 16/16 MP: 1/1
   100 | D:1      | Gained mutation: When seriously injured, your blood forms
                  | armour. (AC +6) [demonic ancestry]
   100 | D:1      | Reached XP level 2. HP: 12/22 MP: 2/2
   219 | D:1      | Reached skill level 1 in Armour
   255 | D:1      | Reached XP level 3. HP: 28/28 MP: 3/3
   617 | D:1      | Found a stormy altar of Qazlal.
   793 | D:2      | Gained mutation: You may rarely emit foul miasma when
                  | damaged in melee. [demonic ancestry]
   793 | D:2      | Reached XP level 4. HP: 11/34 MP: 4/4
  2087 | D:4      | Noticed Ijyb
  2097 | D:4      | HP: 1/34 [Ijyb/+0 club (4)]
  2100 | D:4      | Constricted to death by Ijyb

Illustrated notes

Levels and vault maps discovered:
D:1:      dpeg_arrival_water_altar, layout_rooms, st_stairs_2
D:2:      layout_loops_ring
D:3:      layout_basic, elyvilon_altar_1, general_overflow_altar
D:4:      layout_loops_ring, nicolae_overflow_crystal_walls, st_stairs_12,
          uniq_ijyb

Skill      XL: |  1  2 |
---------------+-------+-----
Dodging        | 3 |  3.3
Long Blades    | 3 |  3.4
Armour         | 1 |  1.5
Fighting       | |  2.8
Throwing       | |  1.8

Action                   |  1- 3 |  4- 6 || total
-------------------------+-------+-------++-------
Melee: Long sword        |    80 |    62 ||   142
Throw: Dart              |       |     1 ||     1
 Stab: Sleeping          |     1 |     1 ||     2
Armor: Leather armour    |    18 |    16 ||    34
Dodge: Dodged            |    66 |    38 ||   104

Table legend: (Time is in decaauts)
 A = Elapsed time spent in this place.
 B = Non-inter-level travel time spent in this place.
 C = Inter-level travel time spent in this place.
 D = Time resting spent in this place.
 E = Time spent auto-exploring this place.
 F = Levels seen in this place.
 G = Mean time per level.
                   A        B        C        D        E       F      G
               +--------+--------+--------+--------+--------+-----+--------+
         Total |   2136 |   1989 |    147 |      0 |   1502 |   4 |  534.0 |
       Dungeon |   2136 |   1989 |    147 |      0 |   1502 |   4 |  534.0 |
               +--------+--------+--------+--------+--------+-----+--------+

Top non-repeatable levels by time:
     D:2: 897 daAuts
     D:1: 663 daAuts
     D:3: 548 daAuts
     D:4: 26 daAuts
